Map: [ESL] Tropical Sacrifice

Players

Kelazhur

  • Race: Terran Terran
  • Spawn Location: 1:00

Solar - Winner!

  • Race: Zerg Zerg
  • Spawn Location: 7:00

Event: TSL 9

VOD

Have the link to the VOD?

Description

Time

  • Played on: Aug. 6, 2022, 6:36 a.m.
  • Length: 15:40

All games in this series

Show
View Real Time Build Order
Export as new Build Order

Kelazhur Terran 

Build Orders: Reaper Expand 

Get SALT Encoding   

  12  0:00  SCV  
  13  0:12  SCV  
  14  0:21  Supply Depot  
  14  0:24  SCV  
  15  0:42  SCV  
  16  0:43  Barracks  
  16  0:45  Refinery  
  16  0:54  SCV  
  17  1:06  SCV  
  18  1:19  SCV  
  19  1:31  Reaper, Orbital Command  
  20  1:41  Command Center  
  20  1:55  Supply Depot  
  20  1:56  SCV  
  21  2:02  Marine  
  22  2:14  SCV  
  22  2:15  Factory  
  23  2:22  Barracks Reactor  
  23  2:26  SCV  
  24  2:38  SCV  
  24  2:43  Command Center  
  25  2:50  SCV  
  26  2:53  Orbital Command  
  26  3:00  Starport  
  26  3:05  SCV  
  26  3:11  Hellion x2  
  31  3:18  SCV  
  31  3:19  Refinery, SCV  
  33  3:30  SCV  
  33  3:31  SCV  
  33  3:32  Hellion  
  33  3:33  Hellion  
  39  3:37  Viking  
  41  3:42  SCV  
  42  3:51  SCV  
  42  3:55  Barracks Tech Lab  
  43  3:56  Orbital Command  
  43  3:57  SCV  
  43  3:58  Hellion  
  46  4:03  SCV  
  46  4:04  Hellion  
  46  4:08  Liberator  
  46  4:09  SCV  
  53  4:15  SCV  
  54  4:21  Supply Depot, SCV  
  54  4:22  SCV  
  56  4:27  SCV  
  57  4:33  SCV  
  57  4:34  Barracks  
  57  4:35  Barracks, Stimpack  
  57  4:37  SCV  
  59  4:40  SCV  
  59  4:43  Hellion  
  59  4:44  Hellion  
  64  4:46  SCV  
  64  4:49  SCV  
  66  4:53  SCV, Starport Reactor  
  66  4:54  Marine  
  66  4:58  SCV  
  69  5:07  Refinery x2  
  69  5:08  Engineering Bay x2  
  69  5:10  Supply Depot  
  69  5:11  Supply Depot  
  69  5:12  SCV x3  
  70  5:23  Marine  
  70  5:24  SCV x3, Marine  
  75  5:36  SCV x3  
  75  5:37  Factory Tech Lab  
  75  5:39  Barracks x2  
  78  5:42  Marine  
  78  5:43  Marine  
  78  5:44  Marine  
  78  5:45  Terran Infantry Weapons Level 1, Orbital Command  
  78  5:48  SCV x2, Starport Reactor  
  81  5:53  Terran Infantry Armor Level 1  
  80  5:58  Siege Tank  
  80  6:00  SCV x2  
  80  6:02  Armory  
  80  6:04  Supply Depot  
  85  6:06  Marine x3  
  85  6:08  Marine x2  
  90  6:16  SCV  
  89  6:22  SCV  
  89  6:24  Marine x3  
  89  6:27  Marine  
  89  6:29  Medivac x2  
  89  6:31  Barracks Reactor x2  
  89  6:32  Combat Shield  
  91  6:33  SCV x2  
  91  6:34  Marine  
  91  6:37  SCV  
  95  6:40  Supply Depot  
  95  6:41  Bunker  
  95  6:43  Marine  
  95  6:45  SCV, Marine x3  
  100  6:49  SCV  
  100  6:52  Marine  
  100  6:55  SCV  
  100  6:58  Supply Depot, Command Center  
  101  7:04  Supply Depot x2  
  101  7:07  Medivac x2  
  105  7:13  Marauder, Marine x2  
  109  7:18  Refinery  
  109  7:20  SCV x2, Marine x4  
  109  7:21  Marine x2  
  117  7:25  Siege Tank  
  120  7:30  Marine  
  120  7:31  Marine  
  120  7:34  Marine  
  121  7:37  Medivac x2  
  121  7:38  Marine x4  
  121  7:39  Marine  
  130  7:44  Terran Infantry Weapons Level 2  
  124  7:52  Marine x4  
  124  7:56  Terran Infantry Armor Level 2  
  127  8:00  Refinery  
  127  8:05  Marine x5  
  130  8:10  Marine x2  
  132  8:14  SCV x3, Marine  
  132  8:15  Marauder  
  138  8:20  Medivac x2  
  138  8:22  Marine  
  138  8:23  Marine x2  
  138  8:25  Supply Depot  
  138  8:26  Supply Depot  
  138  8:27  Supply Depot, Marine  
  145  8:28  Marine x2  
  145  8:33  Factory  
  148  8:46  Marine x2  
  148  8:47  Siege Tank, Marauder  
  155  8:48  Marine x3  
  155  8:49  SCV x2  
  156  8:58  Marine x3  
  147  9:04  Marine x2  
  147  9:05  SCV x2  
  147  9:06  Marine x2  
  147  9:08  Marauder  
  146  9:12  Marine  
  146  9:14  SCV  
  146  9:16  Marine  
  147  9:17  SCV, Marine  
  147  9:19  SCV, Siege Tank  
  147  9:20  Planetary Fortress  
  147  9:22  Drilling Claws  
  147  9:23  Factory Reactor  
  151  9:26  SCV  
  151  9:30  Marauder  
  151  9:31  SCV  
  151  9:33  Marine x6  
  151  9:34  Marine  
  151  9:35  Marine  
  151  9:36  SCV  
  160  9:47  SCV  
  160  9:48  Supply Depot  
  160  9:49  Supply Depot  
  160  9:50  Marine  
  160  9:51  Supply Depot, Marine x3  
  165  9:54  Marine  
  166  10:01  Supply Depot  
  166  10:07  Medivac  
  166  10:08  Medivac  
  166  10:09  Terran Infantry Weapons Level 3, Marauder, Marine x2  
  166  10:10  Marine x3  
  170  10:16  Widow Mine x2, Siege Tank  
  170  10:17  Marine  
  178  10:23  Marine x2  
  180  10:29  Barracks  
  180  10:30  Marauder  
  180  10:32  Barracks x2, Marine x2  
  180  10:33  SCV x3  
  187  10:40  Command Center  
  187  10:42  Terran Infantry Armor Level 3  
  182  10:50  Concussive Shells, Marine x2  
  182  10:52  Marauder  
  186  11:05  Widow Mine  
  186  11:06  Widow Mine, Marine  
  191  11:17  Barracks Tech Lab  
  191  11:18  Marauder  
  193  11:21  Barracks Tech Lab, Marine x7  
  194  11:36  Barracks Tech Lab  
  194  11:39  Ghost Academy, Refinery, Marauder  
  196  11:40  Refinery  
  196  11:42  Command Center  
  165  11:54  Marauder x3, Marine x5  
  165  11:55  Marine x3  
  165  12:00  Marine  
  178  12:02  Widow Mine x2  
  178  12:04  Sensor Tower  
  178  12:07  SCV x3  
  178  12:08  SCV  
  186  12:12  Marine  
  189  12:15  Marauder  
  189  12:16  Marauder  
  189  12:17  Marauder, Marine  
  189  12:19  SCV x3  
  189  12:20  SCV  
  186  12:30  Marauder  
  186  12:34  Marine x8  
  186  12:36  Widow Mine x2  
  200  12:37  Marauder  
  200  12:39  Enhanced Shockwaves  
  200  12:46  Hi-Sec Auto Tracking  
  200  12:48  Command Center  
  200  12:58  Marauder  
  192  13:06  Widow Mine x2  
  192  13:08  Marauder x2  
  192  13:12  Marauder, Marine  
  156  13:13  Marine  
  156  13:14  Marine x6  
  156  13:15  Widow Mine  
  156  13:19  Marine  
  161  13:21  Medivac  
  161  13:22  Medivac  
  164  13:28  Widow Mine, Planetary Fortress  
  164  13:29  Marine x3  
  164  13:31  Marine x7  
  164  13:33  Marauder  
  180  13:34  Widow Mine  
  180  13:36  Siege Tank  
  183  13:42  Marauder  
  159  13:50  Marauder, Marine  
  159  13:52  Widow Mine  
  159  13:53  Medivac x2  
  156  14:02  Marauder  
  140  14:05  Marauder, Marine x2  
  140  14:06  Marine x6  
  140  14:08  Marine  
  140  14:09  Widow Mine  
  133  14:11  Marine  
  133  14:14  SCV x4  
  136  14:17  SCV  
  136  14:18  Orbital Command  
  136  14:19  Orbital Command  
  136  14:22  Marine  
  136  14:23  Liberator x2, Marine x7  
  153  14:24  Marauder  
  153  14:26  Marine  
  153  14:27  Marauder  
  153  14:29  Marine  
  153  14:31  Widow Mine x2, Siege Tank  
  164  14:40  Marine  
  164  14:41  Marauder  
  164  14:43  Marine  
  166  14:50  Supply Depot  
  166  14:51  Marine  
  166  14:52  Marauder  
  167  14:56  Marauder  
  158  15:01  Marine x8  
  158  15:02  Marine  
  158  15:03  Widow Mine x2  
  168  15:09  Marine  
  168  15:10  SCV  
  168  15:13  Marine  
  171  15:17  Marine  
  171  15:19  Marauder, Marine x7  
Show
View Real Time Build Order
Export as new Build Order

Solar Zerg - Winner!

Build Orders: Hatch First, Lurkers 

Get SALT Encoding   

  12  0:00  Drone  
  13  0:13  Overlord  
  13  0:17  Drone  
  14  0:32  Drone x2  
  16  0:49  Hatchery  
  15  0:52  Drone  
  15  0:55  Drone  
  17  0:59  Drone  
  18  1:10  Extractor  
  17  1:14  Spawning Pool  
  17  1:17  Drone  
  17  1:21  Drone  
  18  1:30  Drone  
  19  1:41  Drone  
  20  1:55  Drone  
  20  2:01  Queen x2  
  21  2:02  Zergling x4  
  27  2:14  Overlord  
  27  2:16  Drone  
  28  2:29  Spore Crawler  
  27  2:34  Drone, Hatchery  
  27  2:35  Drone  
  29  2:37  Drone  
  29  2:43  Queen  
  31  2:47  Drone  
  32  2:51  Metabolic Boost  
  32  2:56  Overlord  
  32  2:59  Drone  
  32  3:01  Drone  
  32  3:04  Drone  
  35  3:06  Drone  
  36  3:15  Drone x4  
  36  3:17  Drone  
  41  3:23  Queen  
  43  3:27  Overlord  
  43  3:30  Drone  
  44  3:38  Overlord  
  44  3:45  Queen  
  44  3:46  Queen  
  48  3:48  Drone  
  48  3:51  Drone x3  
  48  3:55  Drone x3  
  55  3:59  Overlord  
  55  4:01  Zergling x2  
  56  4:03  Zergling x2  
  56  4:06  Drone x2  
  56  4:09  Drone  
  60  4:11  Zergling x2  
  60  4:13  Drone  
  62  4:22  Queen  
  62  4:23  Overlord  
  64  4:24  Drone  
  64  4:25  Drone x3  
  64  4:29  Queen  
  70  4:32  Overlord  
  70  4:33  Overlord  
  70  4:39  Overlord  
  70  4:43  Zergling x8  
  74  4:48  Drone, Evolution Chamber  
  74  4:49  Evolution Chamber  
  73  4:53  Overlord  
  73  4:55  Drone  
  73  4:56  Drone  
  73  4:58  Drone x2  
  73  4:59  Drone  
  78  5:01  Drone  
  78  5:04  Drone  
  78  5:05  Spore Crawler  
  78  5:06  Spore Crawler, Drone, Extractor  
  78  5:08  Queen  
  78  5:09  Drone x2  
  78  5:11  Drone  
  83  5:16  Zerg Ground Armor Level 1  
  83  5:20  Zergling x4  
  84  5:33  Drone x3, Zerg Melee Weapons Level 1  
  87  5:37  Overlord  
  87  5:40  Drone x2  
  87  5:42  Drone x4  
  92  5:43  Drone x3  
  92  5:46  Drone  
  93  5:50  Lair  
  93  5:51  Drone  
  93  5:53  Extractor  
  93  5:54  Drone  
  94  6:00  Extractor  
  94  6:01  Baneling Nest, Drone, Extractor  
  94  6:02  Drone  
  93  6:06  Overlord  
  93  6:11  Drone x4  
  96  6:17  Zergling x4  
  99  6:18  Hatchery  
  99  6:21  Drone  
  99  6:23  Drone  
  99  6:24  Zergling x10  
  103  6:33  Zergling x4  
  105  6:41  Drone  
  105  6:42  Drone  
  105  6:44  Overlord  
  105  6:46  Zergling x6  
  110  6:48  Hatchery  
  110  6:50  Overlord  
  110  6:51  Zergling x4, Centrifugal Hooks  
  110  6:59  Baneling x3  
  110  7:00  Baneling x8, Overseer  
  110  7:03  Zergling x18  
  119  7:09  Drone  
  119  7:11  Zergling x2  
  119  7:13  Zerg Ground Armor Level 2  
  121  7:18  Drone  
  121  7:19  Zergling x6  
  125  7:25  Baneling x2  
  125  7:26  Zergling x6  
  125  7:27  Hydralisk Den  
  127  7:30  Drone  
  127  7:31  Drone x2  
  127  7:32  Zerg Melee Weapons Level 2  
  127  7:33  Drone x2  
  127  7:35  Drone  
  127  7:36  Drone  
  132  7:42  Zergling x2  
  132  7:43  Zergling x6  
  136  7:44  Overlord  
  136  7:49  Zergling x6  
  135  7:52  Overlord  
  135  7:53  Drone  
  135  7:55  Baneling  
  135  7:56  Baneling  
  135  7:57  Overlord  
  136  7:59  Overlord  
  136  8:04  Zergling x8  
  140  8:08  Drone x3  
  140  8:12  Zergling x12  
  147  8:13  Infestation Pit  
  147  8:17  Hydralisk  
  148  8:20  Grooved Spines, Baneling  
  148  8:21  Baneling x3  
  148  8:22  Drone x4  
  148  8:24  Overlord  
  152  8:29  Baneling x3  
  152  8:31  Hydralisk x6  
  152  8:33  Zergling x6, Extractor  
  166  8:36  Zergling x2  
  166  8:40  Zergling x6  
  170  8:44  Zergling x10  
  170  8:46  Zergling x6  
  177  8:52  Hatchery  
  177  8:53  Zergling x4  
  171  8:57  Zergling x6  
  171  9:01  Zergling x6, Baneling x3  
  174  9:05  Zergling x4  
  174  9:09  Zergling x6  
  173  9:14  Zergling x8, Hive  
  169  9:19  Zergling x4  
  169  9:20  Zergling x2  
  169  9:24  Zergling x4  
  172  9:28  Zergling x2  
  172  9:31  Drone x2, Extractor  
  170  9:33  Overlord  
  170  9:36  Hatchery  
  170  9:37  Hydralisk x2  
  175  9:43  Baneling x6  
  175  9:44  Baneling x3  
  175  9:46  Zergling x12, Burrow  
  175  9:48  Overlord  
  175  9:50  Overlord  
  175  9:52  Zergling x12  
  187  9:57  Zergling x4  
  189  10:00  Zergling x2  
  189  10:03  Baneling x2  
  189  10:04  Zergling x4  
  189  10:06  Overlord  
  191  10:07  Zergling x2  
  191  10:10  Zergling x4  
  191  10:13  Zergling x14  
  199  10:18  Baneling x16  
  199  10:33  Adrenal Glands  
  199  10:35  Zerg Missile Weapons Level 1  
  199  10:36  Zerg Ground Armor Level 3  
  199  10:39  Hatchery  
  199  10:40  Zergling x6, Lurker Den  
  196  10:43  Zergling x6  
  196  10:45  Hatchery  
  196  10:47  Zergling x4  
  199  10:57  Overlord  
  194  11:11  Viper  
  194  11:13  Drone x2  
  194  11:15  Spore Crawler, Drone x2  
  196  11:19  Drone x4  
  196  11:21  Drone  
  196  11:22  Zergling x6  
  196  11:24  Zergling x6  
  196  11:25  Zergling x10  
  200  11:30  Pneumatized Carapace  
  197  11:38  Zergling x4  
  199  11:42  Spore Crawler, Zergling x2  
  199  11:46  Baneling x2  
  195  11:47  Zergling x8  
  195  11:48  Zergling x14  
  195  11:50  Zergling x2  
  195  11:53  Zergling x4  
  191  11:56  Baneling x15, Hydralisk  
  191  11:57  Baneling x6  
  191  11:58  Zergling x4  
  195  12:04  Zergling x8  
  195  12:05  Seismic Spines  
  199  12:16  Hatchery  
  199  12:20  Drone x2  
  198  12:23  Drone  
  198  12:25  Drone x3  
  197  12:34  Hatchery  
  197  12:36  Zergling x2  
  197  12:37  Zergling x8  
  199  12:39  Muscular Augments, Zerg Missile Weapons Level 2  
  198  12:53  Baneling x6  
  198  12:55  Zergling x6  
  198  13:01  Zergling x4  
  198  13:02  Adaptive Talons  
  187  13:08  Hydralisk x2  
  187  13:11  Zergling x52  
  181  13:15  Zergling x2  
  167  13:23  Hydralisk x6  
  178  13:33  Drone  
  175  13:34  Drone x2  
  175  13:35  Zergling x8  
  175  13:37  Overseer  
  175  13:38  Lurker x2, Baneling x2  
  175  13:41  Zergling x2  
  172  13:50  Hydralisk x2  
  172  13:51  Zergling x8  
  172  13:54  Zergling x22  
  176  14:01  Zergling x16  
  170  14:06  Zergling x4  
  160  14:10  Hydralisk x3  
  160  14:11  Zergling x4  
  160  14:14  Zergling x2  
  158  14:17  Zergling x6  
  158  14:19  Zergling x2  
  158  14:21  Zergling x16  
  158  14:22  Lurker  
  158  14:23  Baneling x12  
  158  14:24  Zergling x10  
  174  14:25  Lurker x3, Baneling x3  
  174  14:26  Lurker  
  174  14:28  Lurker  
  174  14:29  Lurker  
  180  14:31  Drone x3  
  180  14:32  Drone  
  185  14:38  Zergling x14  
  185  14:43  Zergling x4  
  185  14:45  Zergling x6  
  181  14:53  Zergling x20  
  181  14:57  Hydralisk x2  
  185  15:04  Zergling x12  
  185  15:06  Baneling x2  
  186  15:07  Baneling x26  
  186  15:08  Baneling x4  
  186  15:18  Zergling x14  
  179  15:35  Hatchery  
Tags
 
Add a new tag
Caveats
  • Supply blocks, unpowered buildings, or Contaminate may cause inaccurate times.
  • Supply counts are checked every 10 seconds.